Map: Gresvan LE

Players

Adsven

  • Race: Zerg Zerg
  • League: Diamond
  • Spawn Location: 11:00

Home - Winner!

  • Race: Protoss Protoss
  • League: Diamond
  • Spawn Location: 5:00

VOD

Have the link to the VOD?

Description

Get ahead economically and throw the game because of bad engagements and mutas for no reason. How to keep head in game and manage units in a reasonable way?

Time

  • Played on: Aug. 11, 2023, 10:55 a.m.
  • Length: 12:13
Show
View Real Time Build Order
Export as new Build Order

Adsven Zerg 

Build Orders: Hatch First 

Get SALT Encoding   

  12  0:00  Drone  
  13  0:10  Drone  
  14  0:17  Extractor  
  14  0:18  Drone  
  15  0:38  Hatchery  
  15  0:42  Extractor, Drone  
  14  0:48  Overlord  
  15  1:03  Extractor  
  14  1:05  Spawning Pool  
  14  1:09  Drone  
  14  1:13  Drone  
  15  1:18  Drone  
  15  1:25  Drone  
  17  1:31  Drone  
  18  1:42  Drone  
  19  1:54  Zergling x2  
  19  1:55  Queen x2  
  19  1:56  Drone  
  25  2:06  Overlord  
  25  2:09  Drone  
  26  2:17  Drone x2  
  28  2:29  Drone x2  
  30  2:30  Metabolic Boost  
  30  2:39  Drone x2  
  32  2:57  Drone x4  
  35  3:03  Hatchery, Queen  
  36  3:15  Overlord  
  36  3:17  Overlord  
  36  3:34  Drone x2  
  38  3:35  Zergling x4  
  38  3:39  Drone x2, Queen  
  38  3:40  Queen  
  46  3:47  Drone  
  46  3:48  Drone x5  
  52  4:01  Overlord, Roach Warren  
  52  4:02  Extractor, Overlord  
  50  4:05  Drone x2  
  52  4:11  Spore Crawler  
  52  4:12  Spore Crawler  
  50  4:18  Queen  
  50  4:19  Drone x3  
  50  4:20  Spore Crawler  
  54  4:37  Overlord  
  54  4:38  Overlord x4  
  54  4:39  Drone x2  
  54  4:44  Lair  
  56  4:54  Drone x2  
  58  5:00  Drone x8  
  66  5:07  Evolution Chamber, Drone  
  66  5:08  Drone, Baneling Nest  
  66  5:17  Drone x3  
  69  5:35  Drone x9  
  78  5:41  Hatchery  
  77  5:43  Glial Reconstitution  
  77  5:45  Spore Crawler  
  77  5:46  Zerg Melee Weapons Level 1  
  77  5:47  Drone  
  77  5:48  Drone x4  
  81  5:51  Extractor  
  81  5:53  Extractor  
  78  6:05  Overseer  
  78  6:08  Overseer  
  78  6:12  Roach  
  78  6:13  Roach x7  
  78  6:14  Overlord x2  
  94  6:28  Zergling x2  
  94  6:29  Zergling x6  
  94  6:30  Overlord  
  94  6:31  Overlord x4  
  94  6:32  Centrifugal Hooks  
  98  6:42  Hatchery  
  97  7:02  Drone x14, Hatchery  
  97  7:05  Drone x4  
  114  7:08  Baneling  
  114  7:09  Baneling x9  
  114  7:19  Extractor  
  114  7:21  Extractor, Drone x3  
  115  7:28  Drone x5  
  120  7:30  Spire, Extractor  
  120  7:31  Extractor  
  112  7:51  Roach x8  
  116  7:54  Zerg Melee Weapons Level 2  
  116  7:55  Zergling x2  
  116  7:56  Zergling x22  
  140  8:00  Overlord  
  140  8:07  Ravager x4  
  140  8:08  Ravager x2  
  140  8:09  Zergling x8  
  140  8:11  Overlord x3  
  150  8:13  Pneumatized Carapace  
  150  8:21  Drone  
  150  8:22  Drone  
  150  8:24  Overlord  
  150  8:25  Zergling x2  
  150  8:26  Zergling x16  
  161  8:28  Baneling  
  161  8:29  Baneling x12  
  161  8:30  Baneling x2  
  161  8:32  Zergling x4  
  163  8:40  Roach x4  
  163  8:41  Roach x5  
  181  8:44  Spore Crawler  
  181  8:45  Baneling x5  
  181  8:47  Baneling  
  177  8:51  Roach x4  
  177  8:53  Zergling x6  
  188  8:56  Baneling x4  
  188  8:57  Overlord x5  
  175  9:21  Baneling x5  
  160  9:25  Roach x19  
  171  9:34  Queen x4  
  164  9:48  Zergling x2  
  164  9:49  Zergling x28  
  151  10:07  Zergling x26  
  151  10:08  Zergling x6  
  145  10:14  Zerg Flyer Weapons Level 1  
  145  10:15  Mutalisk x6  
  144  10:30  Infestation Pit  
  143  10:41  Baneling x10  
  143  10:42  Roach x4, Baneling x5  
  159  10:43  Roach x9  
  167  10:54  Roach x8  
  158  11:06  Roach x9  
  133  11:20  Zergling x14  
  133  11:21  Zergling x12  
  135  11:31  Ravager x9  
  127  11:33  Zergling x10  
  127  11:36  Queen x2  
  135  11:43  Baneling x9  
  132  11:53  Zergling x2  
  132  11:54  Zergling x24  
Show
View Real Time Build Order
Export as new Build Order

Home Protoss - Winner!

Build Orders: 1 Gate Expand 

Get SALT Encoding   

  12  0:06  Probe  
  13  0:18  Probe  
  14  0:26  Pylon  
  14  0:30  Probe (Chrono Boost)  
  15  0:46  Probe (Chrono Boost)  
  16  0:50  Gateway  
  16  0:52  Probe (Chrono Boost)  
  17  1:01  Probe  
  18  1:06  Assimilator  
  18  1:13  Probe  
  19  1:25  Probe (Chrono Boost)  
  20  1:37  Probe (Chrono Boost)  
  20  1:38  Nexus  
  21  1:43  Cybernetics Core  
  21  1:46  Probe (Chrono Boost)  
  21  1:48  Pylon  
  21  1:53  Assimilator  
  22  1:57  Probe  
  23  2:09  Probe (Chrono Boost)  
  24  2:19  Probe (Chrono Boost), Stalker  
  27  2:24  Probe (Chrono Boost)  
  28  2:32  Shield Battery  
  28  2:36  Probe, Stargate  
  29  2:40  Assimilator  
  29  2:48  Probe  
  30  3:04  Probe (Chrono Boost)  
  32  3:09  Warp Gate  
  32  3:10  Probe (Chrono Boost), Stalker  
  34  3:14  Probe (Chrono Boost)  
  34  3:18  Probe (Chrono Boost)  
  36  3:20  Probe (Chrono Boost)  
  41  3:29  Probe (Chrono Boost)  
  41  3:32  Void Ray  
  43  3:36  Probe (Chrono Boost)  
  43  3:37  Probe (Chrono Boost)  
  43  3:40  Pylon  
  44  3:43  Probe  
  45  3:51  Nexus  
  45  3:54  Probe  
  46  3:57  Pylon  
  46  3:58  Probe  
  47  4:07  Probe  
  48  4:10  Probe  
  48  4:13  Assimilator  
  49  4:17  Robotics Facility  
  49  4:19  Probe  
  49  4:20  Twilight Council  
  49  4:22  Probe  
  51  4:29  Forge  
  51  4:31  Probe  
  52  4:34  Probe  
  52  4:36  Pylon  
  53  4:43  Probe (Chrono Boost)  
  53  4:44  Stalker  
  56  4:52  Void Ray  
  61  4:54  Probe (Chrono Boost)  
  61  4:55  Probe (Chrono Boost)  
  61  4:58  Gateway  
  62  5:01  Robotics Facility  
  62  5:02  Probe (Chrono Boost)  
  63  5:11  Probe (Chrono Boost)  
  66  5:16  Probe (Chrono Boost)  
  66  5:18  Probe (Chrono Boost)  
  66  5:25  Robotics Bay, Stalker  
  66  5:27  Protoss Ground Weapons Level 1  
  68  5:31  Shield Battery  
  68  5:34  Probe (Chrono Boost)  
  68  5:35  Probe x2 (Chrono Boost)  
  71  5:37  Assimilator  
  71  5:46  Probe (Chrono Boost)  
  74  5:52  Probe x2 (Chrono Boost)  
  74  5:58  Probe x2 (Chrono Boost)  
  76  6:11  Colossus  
  76  6:17  Blink  
  82  6:21  Extended Thermal Lance  
  82  6:26  Pylon  
  82  6:28  Assimilator  
  82  6:33  Probe (Chrono Boost)  
  82  6:34  Pylon  
  82  6:38  Probe x2 (Chrono Boost)  
  85  6:43  Colossus  
  85  6:44  Probe (Chrono Boost)  
  85  6:46  Pylon, Probe (Chrono Boost)  
  93  6:48  Pylon  
  93  6:52  Probe  
  94  6:57  Gateway  
  94  6:58  Gateway  
  94  7:00  Gateway  
  94  7:01  Gateway  
  94  7:05  Gateway, Warp Prism  
  94  7:06  Gateway  
  96  7:33  Stalker  
  96  7:34  Stalker  
  100  7:37  Colossus  
  100  7:40  Colossus  
  110  7:50  Protoss Ground Weapons Level 2  
  110  7:53  Stalker  
  112  8:04  Gateway  
  112  8:05  Gateway  
  112  8:06  Stalker x2  
  112  8:07  Gateway  
  112  8:09  Gateway  
  112  8:10  Gateway  
  116  8:13  Gateway  
  116  8:16  Pylon  
  116  8:17  Pylon, Gateway  
  116  8:20  Gateway  
  116  8:22  Probe  
  117  8:33  Colossus  
  117  8:34  Probe x2, Colossus, Pylon  
  125  8:35  Pylon, Probe  
  125  8:37  Pylon  
  125  8:38  Pylon  
  125  8:40  Pylon  
  125  8:41  Pylon  
  132  8:53  Stalker x5  
  132  8:54  Stalker x3  
  148  9:05  Stalker  
  148  9:06  Stalker x3  
  144  9:27  Observer  
  144  9:29  Observer  
  112  9:38  Stalker x2  
  112  9:39  Stalker x4  
  112  9:40  Stalker x4  
  112  9:41  Stalker x2  
  112  9:42  Stalker  
  138  9:45  Stalker  
  107  10:23  Stalker  
  107  10:24  Stalker x5  
  107  10:25  Stalker x4  
  107  10:26  Stalker  
  107  10:27  Stalker  
  131  10:32  Colossus  
  137  10:43  Stalker x3  
  137  10:48  Probe x3  
  146  10:51  Stalker  
  124  11:24  Stalker x2  
  124  11:25  Stalker x5  
  134  11:26  Stalker x3  
Tags
 
Add a new tag
Caveats
  • Supply blocks, unpowered buildings, or Contaminate may cause inaccurate times.
  • Supply counts are checked every 10 seconds.